AoeStats
← Chaves

Nomad

509607316Analyzed
3v3 RM · 6d ago on Sep 27, 2026· 60m 28s· 6 players
Game mode
Random Map
Map size
210×210
Population
200
Speed
Normal
Resources
Standard
Victory
Conquest
Starting age
Dark Age
Ending age
Imperial Age
RankedLock teamsTeams togetherTeam positionsShared explorationLock speedFull tech treeHidden civsTurbo modeCheats
Victory
Defeat
🇵🇪 Armenians · Peru
1198
+15
🇹🇷 Sicilians · Türkiye
1184
+16
🇧🇷 Teutons · Brazil
1139
+18
🇮🇳 Huns · India
1264
-19
🇮🇳 Wu · India
1243
-19
🇺🇸 Berbers · United States
1041
-11
jesterkori
6:39 Loom
12:19 Feudal Age
13:15 Town Watch
17:29 Castle Age
15:44 Double-Bit Axe
16:27 Horse Collar
24:03 Fletching
28:41 Bodkin Arrow
30:09 Padded Archer Armor
31:06 Red Cliffs Tactics
33:27 Leather Archer Armor
36:12 Imperial Age
34:55 Ballistics
35:05 Light Cavalry
35:57 Bloodlines
35:48 Husbandry
36:23 Scale Barding Armor
36:29 Forging
36:57 Bracer
37:37 Hussar
39:29 Chain Barding Armor
39:44 Iron Casting
39:50 Conscription
41:13 Plate Barding Armor
40:50 Elite Fire Archer
42:42 Coinage
43:08 Plate Barding Armor
44:50 Blast Furnace
45:03 Banking
47:59 Wheelbarrow
47:40 Scale Mail Armor
48:57 Hand Cart
51:51 Chemistry
Shot-A-Burger
5:43 Loom
13:48 Feudal Age
16:27 Double-Bit Axe
18:38 Horse Collar
19:40 Town Watch
20:39 Fletching
23:23 Castle Age
24:34 Scale Barding Armor
24:30 Scale Mail Armor
24:41 Forging
24:27 Bodkin Arrow
24:32 Padded Archer Armor
25:24 Medium Warships
28:12 Husbandry
28:22 Bloodlines
30:03 Wheelbarrow
31:25 Hand Cart
31:10 Town Patrol
36:07 Leather Archer Armor
36:12 Chain Barding Armor
35:16 Light Cavalry
42:53 Imperial Age
43:00 Bow Saw
44:19 Conscription
49:41 Heavy Plow
55:26 Chain Barding Armor
55:42 Iron Casting
P3psiMan
14:35 Feudal Age
15:40 Loom
16:15 Double-Bit Axe
20:45 Castle Age
19:27 Double-Bit Axe
19:25 Horse Collar
20:16 Scale Barding Armor
21:10 Bloodlines
21:33 Husbandry
26:28 Chain Barding Armor
27:37 Gold Mining
29:53 Wheelbarrow
30:37 Bow Saw
30:28 Heavy Plow
30:19 Light Cavalry
32:43 Gold Shaft Mining
35:46 Forging
43:54 Iron Casting
44:21 Hand Cart
45:21 Fletching
49:21 Stone Mining
50:21 Town Watch
53:43 Imperial Age
54:16 Cavalier
55:38 Plate Barding Armor
57:14 Blast Furnace
Mumei
10:38 Loom
14:12 Feudal Age
15:22 Double-Bit Axe
17:36 Arson
20:16 Castle Age
18:51 Horse Collar
22:04 Bow Saw
25:18 Pikeman
26:19 Gambesons
27:30 Scale Mail Armor
27:40 Forging
29:23 Chain Mail Armor
29:10 Elite Skirmisher
29:44 Fletching
35:37 Iron Casting
35:46 Wheelbarrow
41:21 Imperial Age
39:15 Squires
41:17 Hand Cart
41:05 Heavy Plow
40:57 Gold Mining
40:58 Stone Mining
42:09 Bodkin Arrow
42:45 Plate Mail Armor
43:23 Capped Ram
45:31 Elite Serjeant
46:22 Siege Engineers
47:13 Murder Holes
48:31 Arrowslits
50:30 Halberdier
51:55 Siege Ram
54:36 Plate Mail Armor
55:06 Blast Furnace
54:09 Bracer
56:13 Chemistry
Seu Madruga
11:04 Loom
13:18 Feudal Age
13:56 Double-Bit Axe
18:07 Castle Age
16:35 Fishing Lines
17:48 Scale Mail Armor
19:30 Squires
20:29 Fervor
20:17 Gillnets
20:00 Man-at-Arms
20:28 Gambesons
20:49 Arson
21:17 Forging
21:15 Long Swordsman
22:48 Bow Saw
23:26 Horse Collar
23:42 Two-Handed Swordsman
25:40 Chain Mail Armor
26:02 Town Watch
26:09 Town Watch
27:01 Wheelbarrow
28:31 Iron Casting
28:37 Stone Mining
28:36 Pikeman
29:49 Sanctity
30:27 Fletching
31:09 Gold Mining
32:25 Redemption
32:32 Redemption
32:58 Hand Cart
32:58 Champion
37:45 Gold Shaft Mining
37:46 Bodkin Arrow
37:52 Padded Archer Armor
40:20 Leather Archer Armor
44:29 Imperial Age
45:57 Plate Mail Armor
47:09 Fereters
46:44 Elite Skirmisher
48:30 Bracer
48:03 Elite Composite Bowman
50:15 Ring Archer Armor
52:08 Block Printing
52:24 Illumination
52:18 Block Printing
53:36 Chemistry
52:57 Ballistics
54:01 Halberdier
56:30 Conscription
56:46 Hoardings
59:15 Cilician Fleet
Chaves
4:06 Loom
16:20 Feudal Age
17:08 Double-Bit Axe
18:27 Town Watch
25:36 Castle Age
28:24 Fletching
28:35 Padded Archer Armor
31:35 Wheelbarrow
31:24 Elite Skirmisher
32:01 Bodkin Arrow
35:00 Leather Archer Armor
38:14 Forging
39:06 Fishing Lines
43:08 Hand Cart
45:36 Scale Mail Armor
46:12 Iron Casting
46:58 Pikeman
47:37 Demolition Ship
54:06 Chain Mail Armor
Connection lost

Rejoining the realm…

Still unreachable

The connection could not be restored.

Session expired

The server has moved on; the page needs a fresh start.